[Event "*** Titled Tuesday Blitz"]
[Site "Chess.com"]
[Date "2021.03.30"]
[Round "6"]
[White "Tpros"]
[Black "Irina_Baraeva"]
[Result "1-0"]
[WhiteElo "2463"]
[BlackElo "2290"]
[TimeControl "180+1"]
[EndTime "11:06:33 PDT"]
[Termination "Tpros won on time"]

1. c4 e5 2. d3 f5 3. a3 a5 4.
Nc3 Nf6 5. g3 g6 6. Bg2 Bg7 7.
Bg5 O-O 8. e3 d6 9. Nge2 Nc6 10.
Nd5 Be6 11. Nec3 Qd7 12. O-O Ne8 13. f4 h6 14. Bh4 Kh7 15. Rb1 Nf6 16. b4 axb4 17.
axb4 Rae8 18. Qd2 Nd8 19. Bxf6 Bxf6 20. b5 Bg7 21. Rfe1 c6 22. bxc6 bxc6 23. Nb4 Bg8 24.
Rb2 exf4 25. gxf4 Qe6 26. Nxc6 Nxc6 27. Bxc6 Qf6 28. Rb3 Rb8 29. Reb1 Rbc8 30. Bd5 Bxd5 31. Nxd5 Qh4 32. Rb7 Qg4+ 33. Qg2 Qxg2+ 34. Kxg2 Rc5 35.
Rd7 Rg8 36. Rbb7 1-0

[Event "*** Titled Tuesday Blitz"]
[Site "Chess.com"]
[Date "2021.03.30"]
[Round "6"]
[White "Firouzja2003"]
[Black "Fandorine"]
[Result "1-0"]
[WhiteElo "3105"]
[BlackElo "2883"]
[TimeControl "180+1"]
[EndTime "11:06:35 PDT"]
[Termination "Firouzja2003 won by resignation"]

1. d4 Nf6 2. Bg5 g6 3. Nc3 Bg7 4. e4 d5 5. Bxf6 exf6 6. exd5 O-O 7. Bc4 Nd7 8. Nge2 Nb6 9. Bb3 a5 10. a4 Re8 11. O-O Bd7 12. Qd2 f5 13. Rfe1 Qf6 14. h3 h5 15. Rad1 h4 16. Kh1 g5 17. f3 Bf8 18. Nc1 Bd6 19. Nd3 Bg3 20. Rf1 Kg7 21.
Nc5 Bf4 22. Qd3 Re3 23. Nxd7 Nxd7 24. Qb5 Nb6 25. Ne2 Bd6 26. c3 Rae8 27. Ng1 Bg3 28.
Bc2 Nc8 29. Qxa5 Ne7 30. Qb5 Ng6 31. d6 Qxd6 32. Qxf5 Bf4 33. Be4 c6 34. Rfe1 Rxe1 35. Rxe1 Bg3 36. Rf1 Bf4 37. Ne2 Re6 38. Nxf4 Nxf4 39.
Qxg5+ Rg6 40. Bxg6 Nxg6 41. f4 f6 42. Qg4 Kf7 43.
f5 Nf8 44. Qxh4 1-0

[Event "*** Titled Tuesday Blitz"]
[Site "Chess.com"]
[Date "2021.03.30"]
[Round "6"]
[White "Mihnea2017"]
[Black "paulrusan"]
[Result "1-0"]
[WhiteElo "2466"]
[BlackElo "2298"]
[TimeControl "180+1"]
[EndTime "11:06:35 PDT"]
[Termination "Mihnea2017 won on time"]

1. e4 c5 2. Nf3 Nc6 3. d4 cxd4 4.
Nxd4 e5 5. Nb5 d6 6. N1c3 a6 7. Na3 b5 8. Nd5 Nf6 9. Bg5 Be7 10. Bxf6 Bxf6 11. c3 Rb8 12. Nc2 O-O 13. h4 Be6 14. Nce3 Ne7 15. Nxf6+ gxf6 16. Bd3 Kh8 17. Qf3 Ng6 18.
g3 Rg8 19. h5 Nf8 20. a3 a5 21.
Kf1 Nd7 22. Kg2 b4 23. cxb4 axb4 24. a4 Nc5 25. Bc4 Nb3 26. Bxb3 Bxb3 27. a5 Be6 28.
a6 Ra8 29. a7 Qe7 30. Ra6 Rgd8 31. Rha1 Rd7 32. Rb6 Rdxa7 33. Rxa7 Rxa7 34. Rb8+ Kg7 35. h6+ Kxh6 36. Rg8 f5 37. exf5 f6 38. Ng4+ 1-0

[Event "*** Titled Tuesday Blitz"]
[Site "Chess.com"]
[Date "2021.03.30"]
[Round "6"]
[White "marianokar"]
[Black "Susik_Gaboyan"]
[Result "0-1"]
[WhiteElo "2491"]
[BlackElo "2249"]
[TimeControl "180+1"]
[EndTime "11:06:36 PDT"]
[Termination "Susik_Gaboyan won by checkmate"]

1. Nf3 Nf6 2. d4 g6 3. c4 Bg7 4. Nc3 d5 5. Bg5 Ne4 6. cxd5 Nxg5 7. Nxg5 e6 8. Qd2 h6 9. Nh3 exd5 10. Nf4 c6 11. Qe3+ Qe7 12. Qxe7+ Kxe7 13. e3 b6 14. Be2 Ba6 15. Bxa6 Nxa6 16. O-O h5 17. Rac1 g5 18. Nd3 Nc7 19. e4 Bxd4 20. exd5 Nxd5 21. Rfe1+ Kf6 22. Ne4+ Kg6 23. Rxc6+ f6 24. Rd1 Rac8 25. Rd6 Rhd8 26. Kf1 Rxd6 27. Nxd6 Rc2 28. b3 Bxf2 29. Nxf2 Ne3+ 30.
Ke1 Nxd1 31. Nxd1 Rxg2 32. a4 Rxh2 33. Nb5 a6 34. Nc7 a5 35. Nf2 g4 36. Kf1 g3 37.
Ne4 h4 38. Nd5 Rb2 39. Nxb6 Rxb3 40. Nc4 Rb4 41. Ncd2 f5 42. Kg2 fxe4 43. Kh3 e3 44. Nf3 e2 45. Ne1 Rb1 46. Ng2 Kg5 47. Nxh4 Rh1+ 48. Kxg3 Rxh4 49. Kg2 e1=Q 50. Kf3 Rf4+ 51. Kg2 Qf1+ 52. Kh2 Rf2+ 53. Kg3 Qg2# 0-1

[Event "*** Titled Tuesday Blitz"]
[Site "Chess.com"]
[Date "2021.03.30"]
[Round "6"]
[White "thechesscorner64"]
[Black "LamaChampetre"]
[Result "1-0"]
[WhiteElo "2350"]
[BlackElo "2215"]
[TimeControl "180+1"]
[EndTime "11:06:36 PDT"]
[Termination "thechesscorner64 won on time"]

1. e4 c5 2. Nf3 g6 3. c3 d5 4. exd5 Qxd5 5. d4 Bg7 6. Na3 Nc6 7. Bc4 Qe4+ 8. Be3 cxd4 9. Bxf7+ Kf8 10. cxd4 Bg4 11.
Bxg8 Rxg8 12. O-O Bxf3 13. gxf3 Qd5 14. Nc2 Rd8 15. Re1 Nxd4 16. Nxd4 Bxd4 17. Bxd4 Qxd4 18.
Qe2 Qf6 19. Rac1 Rg7 20. Rc7 Rf7 21. Qe3 Rd5 22. Qh6+ Ke8 23. Qe3 Rg5+ 24. Kh1 Qxf3+ 25. Qxf3 Rxf3 26. Rexe7+ Kf8 27. Rxh7 Kg8 28. Rhg7+ Kf8 29.
Rxb7 Rd3 30. Rgf7+ Ke8 31. h3 Rd1+ 32. Kh2 Rdg1 33. h4 R5g2+ 34. Kh3 g5 35. h5 g4+ 36. Kh4 g3 37. Rfe7+ 1-0

[Event "*** Titled Tuesday Blitz"]
[Site "Chess.com"]
[Date "2021.03.30"]
[Round "6"]
[White "Msb2"]
[Black "alexrustemov"]
[Result "1-0"]
[WhiteElo "2913"]
[BlackElo "2724"]
[TimeControl "180+1"]
[EndTime "11:06:37 PDT"]
[Termination "Msb2 won on time"]

1. d4 e6 2. Nf3 Nf6 3. e3 c5 4. Bd3 d5 5. b3 Nc6 6. O-O cxd4 7. exd4 Be7 8. Re1 O-O 9. c3 b6 10. Bg5 Bb7 11. Nbd2 Rc8 12. Rc1 Qc7 13. Ne5 h6 14.
Bh4 Ne8 15. Bg3 Qd8 16. Bb1 Nxe5 17. Bxe5 Bg5 18. Qc2 g6 19. Rcd1 Nd6 20. Qd3 Bf6 21. Qg3 Nf5 22. Bxf5 exf5 23. Bxf6 Qxf6 24. f4 Rc7 25. Re3 Rfc8 26. Rde1 Kg7 27. h4 h5 28. Rc1 a5 29. Nf3 b5 30. Ne5 b4 31. c4 dxc4 32. bxc4 Be4 33. c5 Qe6 34. Nc4 Rd8 35.
Nxa5 Rxd4 36. Nb3 Rc4 37. Ree1 Ra7 38. Qf2 Rc7 39. Rxc4 Qxc4 40. Rc1 Qd5 41. Qb2+ f6 42. Qe2 Bd3 43. Qd2 Bc4 44. Qxb4 Bxb3 45. axb3 Qd3 46. Qc3 Qe2 47. c6 Re7 48. c7 Re3 49. c8=Q 1-0

[Event "*** Titled Tuesday Blitz"]
[Site "Chess.com"]
[Date "2021.03.30"]
[Round "6"]
[White "NikolaN98"]
[Black "PowerThinking2650"]
[Result "0-1"]
[WhiteElo "2663"]
[BlackElo "2439"]
[TimeControl "180+1"]
[EndTime "11:06:37 PDT"]
[Termination "PowerThinking2650 won by checkmate"]

1. e4 e5 2. Nf3 Nc6 3. Bc4 Nf6 4. d3 h6 5. O-O d6 6. a4 g6 7. a5 a6 8. Re1 Bg7 9. h3 O-O 10. Nc3 Kh7 11. d4 Qe7 12. dxe5 Nxe5 13. Nxe5 dxe5 14. b3 Rd8 15. Qf3 Be6 16. Ba3 Qe8 17. Nd5 Nxd5 18. exd5 Bf5 19. Qe2 b5 20. axb6 cxb6 21. Bxa6 e4 22.
Ra2 Bd4 23. Rd1 Qe5 24. Bb7 Rxa3 25. Rxa3 Bc5 26. Ra4 Bd6 27. g3 Bxh3 28. Qxe4 Qf6 29. Bc6 h5 30. Ra7 Bf5 31. Qc4 Bc5 32. Rd2 Rd6 33.
Kg2 Bg4 34. Qe4 Bf5 35. Qf4 g5 36. Qf3 Kg6 37. Be8 Bh3+ 38. Kxh3 Qxf3 39. Kh2 Bxf2 40. Bxf7+ Kh6 41. Be6 Qxg3+ 42. Kh1 Qg1# 0-1

[Event "*** Titled Tuesday Blitz"]
[Site "Chess.com"]
[Date "2021.03.30"]
[Round "6"]
[White "BigAl"]
[Black "Pikachess999"]
[Result "1-0"]
[WhiteElo "2498"]
[BlackElo "2363"]
[TimeControl "180+1"]
[EndTime "11:06:38 PDT"]
[Termination "BigAl won on time"]

1. Nf3 d5 2. g3 g6 3. Bg2 Bg7 4. O-O e5 5. d3 Ne7 6. Nbd2 O-O 7. e4 Nbc6 8. exd5 Nxd5 9. Re1 h6 10. a4 a5 11. Nc4 Re8 12. c3 Kh7 13. Qb3 f5 14.
Ncxe5 Nxe5 15. Nxe5 Bxe5 16. Qxd5 Qxd5 17. Bxd5 c6 18.
Bf3 Bd7 19. d4 Bd6 20. Bd2 Kg7 21. h4 Rf8 22. c4 h5 23. c5 Bc7 24. d5 Rae8 25.
Bc3+ Kf7 26. d6 Bd8 27. Rxe8 Rxe8 28. Re1 Rxe1+ 29. Bxe1 Bf6 30. Bxa5 Bxb2 31. Kf1 Ba3 32. Bb6 Ke6 33. Ke2 Ke5 34. Kd3 Be6 35. a5 Bd7 36. Bd1 f4 37. Bc2 Bb4 38. Kc4 Be1 39. gxf4+ Kxf4 40. Bxg6 Bxf2 41. Bxh5 Bxh4 42. Bf7 Ke5 43. Bc7 Bg5 44. Kb4 Bh4 45. Bc4 Be1+ 46. Ka4 Bh4 47. Bb6 Kd4 48. Bg8 Ke5 49. a6 bxa6 50. Ka5 Bf2 51.
Kxa6 Bh4 52. Kb7 Bf6 53. Kc7 Bf5 54. Kxc6 Be4+ 55. Kc7 1-0

[Event "*** Titled Tuesday Blitz"]
[Site "Chess.com"]
[Date "2021.03.30"]
[Round "6"]
[White "kamilianin235"]
[Black "The_Machine04"]
[Result "0-1"]
[WhiteElo "2261"]
[BlackElo "2434"]
[TimeControl "180+1"]
[EndTime "11:06:38 PDT"]
[Termination "The_Machine04 won by checkmate"]

1. e4 d6 2. d4 Nf6 3. Nc3 e5 4. dxe5 dxe5 5. Qxd8+ Kxd8 6. Bc4 Be6 7. Bxe6 fxe6 8. Nf3 Bd6 9. O-O Ke7 10. b3 Nc6 11. Bb2 a6 12. Rad1 b5 13. Rfe1 Rhb8 14. a4 bxa4 15.
Nxa4 h6 16. Re2 Rd8 17. h3 g5 18. Bc3 Nh5 19. Nb2 a5 20. Red2 Nf4 21. Nc4 a4 22. Bxe5 Nxe5 23. Nfxe5 Bxe5 24. Rxd8 Rxd8 25. Rxd8 Kxd8 26.
Nxe5 a3 27. Nc6+ Kd7 28. Nb4 Ne2+ 29. Kf1 Nc3 30. Ke1 c5 31. Kd2 cxb4 32. Kc1 a2 33.
Kb2 Kd6 34. g3 Ke5 35. f4+ gxf4 36. gxf4+ Kxe4 37. h4 Kxf4 38. Ka1 e5 39. h5 e4 40. Kb2 e3 41. Ka1 e2 42. Kb2 a1=Q+ 43. Kxa1 e1=Q+ 44. Kb2 Qb1# 0-1

[Event "*** Titled Tuesday Blitz"]
[Site "Chess.com"]
[Date "2021.03.30"]
[Round "6"]
[White "JiiHart"]
[Black "fabianvivasz"]
[Result "0-1"]
[WhiteElo "2059"]
[BlackElo "2397"]
[TimeControl "180+1"]
[EndTime "11:06:38 PDT"]
[Termination "fabianvivasz won by resignation"]

1. e4 c5 2. Nf3 d6 3. d4 cxd4 4. Nxd4 Nf6 5. Nc3 a6 6. Bg5 Nbd7 7. f4 e5 8. Nf5 Qb6 9. fxe5 dxe5 10. Qd2 Qxb2 11.
Rb1 Qa3 12. Rb3 Qa5 13. Nd6+ Bxd6 14. Qxd6 h6 15. Bxf6 Nxf6 16. Bd3 Be6 17. Qb4 Qxb4 18. Rxb4 Rc8 19. Kd2 Rc7 20. Rhb1 Bc8 21. a4 O-O 22.
Rc4 Rxc4 23. Bxc4 Rd8+ 24. Ke3 Ng4+ 25. Ke2 Nxh2 26. Nd5 Kf8 27. Rb6 Ng4 28. a5 h5 29.
c3 h4 30. Kf3 Nh2+ 31. Ke2 Ng4 32. Rb1 g5 33. Kf3 Kg7 34. Rh1 Nf6 35. Ne3 g4+ 36.
Ke2 Rh8 37. Bd5 h3 38. gxh3 gxh3 39. Rxh3 Rxh3 40. Nf5+ Bxf5 41. exf5 Nxd5 42. c4 Nf4+ 0-1

[Event "*** Titled Tuesday Blitz"]
[Site "Chess.com"]
[Date "2021.03.30"]
[Round "6"]
[White "GMHess"]
[Black "Sueetin"]
[Result "1/2-1/2"]
[WhiteElo "2749"]
[BlackElo "2433"]
[TimeControl "180+1"]
[EndTime "11:06:39 PDT"]
[Termination "Game drawn by repetition"]

1. b3 e5 2. Bb2 Nc6 3. h3 f6 4. e3 d5 5. d4 e4 6. c4 f5 7.
cxd5 Nb4 8. Nc3 Nf6 9. Bb5+ Bd7 10. Bc4 b5 11. Nxb5 Nbxd5 12. Nc3 c6 13. Nge2 Bd6 14.
a3 O-O 15. Na4 Kh8 16. Nc5 Bc8 17. g3 a5 18. Nf4 g5 19. Nfe6 Bxe6 20. Nxe6 Qe7 21.
Nxf8 Rxf8 22. Qd2 f4 23. gxf4 gxf4 24. Rg1 fxe3 25. fxe3 Nh5 26. O-O-O Bxa3 27. Bxd5 cxd5 28. Qxa5 Rc8+ 29. Kb1 Bxb2 30. Kxb2 Nf6 31. Rc1 Rf8 32. Qc7 Nd7 33. Rcf1 Rb8 34. Rc1 Qb4 35. Rc3 Ra8 36. Qxd7 Qa3+ 37. Kc2 Qa2+ 38. Kd1 Qb1+ 39. Rc1 Qd3+ 40.
Ke1 Qxe3+ 41. Kf1 Qf3+ 42. Ke1 Qe3+ 43. Kf1 Qf3+ 44. Ke1 Qe3+ 1/2-1/2

[Event "*** Titled Tuesday Blitz"]
[Site "Chess.com"]
[Date "2021.03.30"]
[Round "6"]
[White "Borsuk_Konstantin"]
[Black "Shuvalov"]
[Result "0-1"]
[WhiteElo "2656"]
[BlackElo "2439"]
[TimeControl "180+1"]
[EndTime "11:06:40 PDT"]
[Termination "Shuvalov won on time"]

1. d4 Nf6 2. c4 g6 3. Nc3 d5 4. Nf3 Bg7 5. Bg5 O-O 6. Bxf6 Bxf6 7. Nxd5 Bg7 8. e3 c5 9. Nc3 Bg4 10. d5 e6 11. dxe6 Bxe6 12. Qxd8 Rxd8 13. Rc1 Nc6 14. Be2 Nb4 15. a3 Nd3+ 16. Bxd3 Rxd3 17. O-O Bxc4 18. Na4 Be6 19. Nxc5 Rd6 20. Nxe6 Rxe6 21. Rc2 Rb6 22. Rb1 a5 23. a4 Rb4 24. b3 b5 25. Ra2 Rb8 26. axb5 R8xb5 27. Rc1 Rxb3 28.
Rc8+ Bf8 29. g3 Kg7 30. Ra8 Rb1+ 31. Kg2 Bb4 32. Nd4 Rc5 33. h4 Bc3 34. Kf3 Bxd4 35. exd4 Rb3+ 36. Ke4 f5+ 37. Kf4 Rd5 38. R8xa5 Rxd4+ 39. Ke5 Re4+ 40. Kd5 Rd3+ 41. Kc5 Re5+ 42. Kc4 Rxa5 43.
Rxa5 Rd7 44. Rd5 Re7 45. Kd3 Kf6 46. Kd2 f4 47. g4 f3 48. Rd4 Re2+ 49. Kd3 Rxf2 50.
Ke3 Rh2 51. Rf4+ Kg7 52. h5 f2 0-1

[Event "*** Titled Tuesday Blitz"]
[Site "Chess.com"]
[Date "2021.03.30"]
[Round "6"]
[White "Kotofeyca"]
[Black "Baron_von_Koenig"]
[Result "0-1"]
[WhiteElo "2385"]
[BlackElo "2565"]
[TimeControl "180+1"]
[EndTime "11:06:40 PDT"]
[Termination "Baron_von_Koenig won on time"]

1. d4 b6 2. c4 Bb7 3. Nc3 e6 4. Nf3 f5 5. g3 Nf6 6. Bg2 Bb4 7. Qb3 a5 8. O-O O-O 9. Bg5 h6 10. Bxf6 Qxf6 11. a3 Bxc3 12. Qxc3 a4 13. c5 bxc5 14. Qxc5 Bc6 15. Rac1 Na6 16. Qc3 Rfb8 17.
Rfd1 Rb3 18. Qc2 Rab8 19. Rd2 Bxf3 20. Bxf3 c6 21. Qc4 Nc7 22. Qxa4 Rxb2 23. Rxb2 Rxb2 24. Qa7 Qd8 25. Ra1 Qb8 26. Qxb8+ Rxb8 27. a4 Kf8 28. e3 Ke7 29. Kf1 Kd6 30. a5 Ra8 31. Be2 Nb5 32.
Ke1 Nc3 33. Bc4 Kc7 34. Kd2 Ne4+ 35. Ke2 Nd6 36. Bd3 Rb8 37. Ra2 Rb4 38. f3 Kb7 39. Kd2 Ka7 40. Kc3 Rb8 41. e4 g6 42. e5 Nc8 43. Kc4 Rb5 44. g4 Ne7 45. gxf5 gxf5 46. Rg2 Nd5 47. Rg7 Rb7 48. Kc5 d6+ 49. exd6 Rxg7 50.
Kxc6 Nb4+ 0-1

[Event "*** Titled Tuesday Blitz"]
[Site "Chess.com"]
[Date "2021.03.30"]
[Round "6"]
[White "slowdgehammer"]
[Black "sergeikim"]
[Result "0-1"]
[WhiteElo "2368"]
[BlackElo "2511"]
[TimeControl "180+1"]
[EndTime "11:06:40 PDT"]
[Termination "sergeikim won on time"]

1. e4 e5 2. Nf3 Nc6 3. Bb5 a6 4. Ba4 Nf6 5. d3 b5 6. Bb3 Bc5 7. Nc3 d6 8. a3 h6 9. h3 O-O 10. Bd2 Be6 11. Nd5 Bxd5 12. exd5 Ne7 13. c4 Ng6 14. Be3 bxc4 15. dxc4 e4 16. Nd4 Ne5 17.
O-O Rb8 18. Rb1 Qd7 19. Ba2 Nd3 20. b4 Bb6 21. Nc6 Rbe8 22. Bxb6 cxb6 23. f3 Qf5 24. Rb3 Nf4 25. Qc2 Qg5 26. fxe4 Rxe4 27. Rf2 Rfe8 28. Rbf3 Re2 29. h4 Qxh4 30. Rxf4 Qxf4 31.
Rxe2 Ne4 32. Bb1 f5 33. Qd3 Qc1+ 34. Kh2 Qg5 35. Nd4 Qf4+ 36. g3 Qc1 37. Nxf5 Nf6 38. Rxe8+ Nxe8 0-1

[Event "*** Titled Tuesday Blitz"]
[Site "Chess.com"]
[Date "2021.03.30"]
[Round "6"]
[White "ShapkinAnatoliy"]
[Black "Eliwood44"]
[Result "1-0"]
[WhiteElo "2665"]
[BlackElo "2505"]
[TimeControl "180+1"]
[EndTime "11:06:41 PDT"]
[Termination "ShapkinAnatoliy won by checkmate"]

1. d4 Nf6 2. c4 e6 3. g3 Bb4+ 4. Bd2 Nc6 5. Bxb4 Nxb4 6. Bg2 O-O 7. Nf3 d6 8. Nc3 Nc6 9. O-O Re8 10. e4 e5 11. h3 a5 12. Re1 Bd7 13. Qd2 exd4 14.
Nxd4 Nxd4 15. Qxd4 Bc6 16. Rad1 Nd7 17. f4 Nc5 18. b3 Ne6 19. Qd2 Qf6 20. Nd5 Bxd5 21. cxd5 Nc5 22. Qc2 b6 23. a3 Qg6 24. b4 axb4 25.
axb4 Na6 26. Qb3 h5 27. Kh2 h4 28. g4 Qf6 29. Rf1 Nb8 30. Rc1 Ra7 31. Rc4 Nd7 32. Qc2 Qd8 33. Rc1 Nf6 34. Re1 Re7 35. Qf2 Qa8 36.
Qxh4 Ra2 37. g5 Ne8 38. g6 fxg6 39. Qxe7 Nf6 40. Rxc7 Nh5 41. Qg5 Qa3 42. Qxg6 Rxg2+ 43.
Qxg2 Qxb4 44. Rec1 Qd4 45. Rg1 Qf6 46. Qg5 Qb2+ 47.
Rg2 Qc1 48. Rxc1 Nxf4 49. Rc8+ Kf7 50. Qxg7# 1-0

[Event "*** Titled Tuesday Blitz"]
[Site "Chess.com"]
[Date "2021.03.30"]
[Round "6"]
[White "JoliyRoger"]
[Black "xberli"]
[Result "1-0"]
[WhiteElo "2391"]
[BlackElo "2505"]
[TimeControl "180+1"]
[EndTime "11:06:41 PDT"]
[Termination "JoliyRoger won by checkmate"]

1. Nf3 Nf6 2. d4 g6 3. c4 Bg7 4. Nc3 O-O 5. e4 d6 6. h3 Nc6 7. Bg5 a5 8. Be2 h6 9. Be3 e5 10. d5 Ne7 11. g4 Ne8 12. Rg1 Kh7 13. h4 f5 14. gxf5 gxf5 15. exf5 Bxf5 16. Bd3 Qd7 17. Ne4 Nf6 18. Nfd2 Ng6 19. Qc2 Nf4 20. Bxf4 exf4 21. Ng5+ Kh8 22. Bxf5 Rae8+ 23. Ne6 Nh5 24. Bg4 Qf7 25.
O-O-O Rg8 26. Bf5 Nf6 27. Bg6 Qe7 28. Bxe8 Nxe8 29. Nxg7 Rxg7 30. Rxg7 Nxg7 31. Qe4 Qf6 32. Nf3 a4 33. a3 b6 34. Rg1 Qf7 35. Rg6 Kg8 36. Qe6 Kf8 37. Qxf7+ Kxf7 38. Rxh6 Nf5 39. Rh7+ Kg6 40. Rxc7 Kh5 41. Rf7 Kg4 42. Rxf5 Kxf5 43. h5 Kf6 44. Kd2 Kf5 45. Kd3 Kg4 46. h6 Kxf3 47. h7 Kxf2 48. h8=Q f3 49. Qh2+ Ke1 50. Ke3 Kd1 51. Qf2 Kc1 52. Qxf3 Kb1 53. Kd4 Ka2 54. b4 axb3 55. Kc3 Kxa3 56. Qf2 Ka4 57. Qxb6 b2 58. Qa6# 1-0

[Event "*** Titled Tuesday Blitz"]
[Site "Chess.com"]
[Date "2021.03.30"]
[Round "6"]
[White "ajdemipopushi"]
[Black "Kretov_Evgenij"]
[Result "0-1"]
[WhiteElo "2341"]
[BlackElo "2560"]
[TimeControl "180+1"]
[EndTime "11:06:41 PDT"]
[Termination "Kretov_Evgenij won on time"]

1. Nf3 c5 2. g3 b6 3. Bg2 Bb7 4. O-O Nf6 5. c4 e6 6. Nc3 Be7 7. Re1 d6 8. e4 a6 9. d4 cxd4 10.
Nxd4 Qc7 11. Be3 Nbd7 12. Rc1 Rc8 13. f4 Nc5 14. Bf2 O-O 15. b4 Rfd8 16. f5 e5 17. Nc2 Ncd7 18. Ne3 Qb8 19. g4 h6 20. h4 Nh7 21. Ncd5 Bf8 22. Qf3 b5 23. cxb5 axb5 24. Qg3 Rxc1 25. Rxc1 Rc8 26. Rf1 Ndf6 27. g5 Nxd5 28.
exd5 Kh8 29. f6 gxf6 30. Be4 fxg5 31. Bxh7 Kxh7 32. hxg5 Rc3 33. Qf3 Qc7 34. Qe4+ Kh8 35. Bh4 Qd7 36. Rf3 Bc8 37. gxh6 Bxh6 38. Bf6+ Kg8 39.
Rg3+ Kf8 40. Qh7 Bxe3+ 41. Kh2 Rc2+ 42. Qxc2 Bf4 43. Qg2 Bxg3+ 44. Qxg3 Qg4 0-1

[Event "*** Titled Tuesday Blitz"]
[Site "Chess.com"]
[Date "2021.03.30"]
[Round "6"]
[White "CrushingKings"]
[Black "Tea99"]
[Result "1-0"]
[WhiteElo "2459"]
[BlackElo "2288"]
[TimeControl "180+1"]
[EndTime "11:06:41 PDT"]
[Termination "CrushingKings won by checkmate"]

1. e4 c5 2. Nf3 Nc6 3. d4 cxd4 4. Nxd4 Nf6 5. Nc3 e5 6. Ndb5 d6 7. Bg5 a6 8. Na3 b5 9. Nd5 Be7 10. Bxf6 Bxf6 11. c4 b4 12. Nc2 O-O 13. g3 Rb8 14. b3 g6 15. h4 h5 16. Bh3 Bg7 17. Qd2 a5 18. Kf1 Be6 19. Kg2 Qd7 20. Rad1 Rfd8 21.
Qg5 Bxh3+ 22. Rxh3 Qe6 23. Rhh1 a4 24. Rhe1 Kh7 25.
Rd3 f6 26. Qd2 Bh6 27. Qd1 Bf8 28. f4 exf4 29. gxf4 Bh6 30. Rg3 Rg8 31. Qa1 axb3 32. Nxf6+ Kg7 33. Nxg8+ Kxg8 34. f5 Qe5 35. Rxg6+ Kh7 36.
axb3 Bg7 37. Qd1 Ne7 38. Qxh5+ Kg8 39. Rg3 Qb2 40. Re2 Qf6 41. Ne3 Ra8 42. Ng4 Qa1 43. Nh6+ Kf8 44. Qf7# 1-0

[Event "*** Titled Tuesday Blitz"]
[Site "Chess.com"]
[Date "2021.03.30"]
[Round "6"]
[White "Grineva_Marianna"]
[Black "Klavdia_Nik"]
[Result "0-1"]
[WhiteElo "2261"]
[BlackElo "2037"]
[TimeControl "180+1"]
[EndTime "11:06:41 PDT"]
[Termination "Klavdia_Nik won on time"]

1. e4 g6 2. d4 Bg7 3. Nc3 d6 4. f4 Nd7 5. Nf3 e6 6. Be3 Ne7 7. Qd2 d5 8. exd5 exd5 9. O-O-O O-O 10. g4 Nf6 11. h3 c6 12. Ne5 Ne4 13. Nxe4 dxe4 14.
Be2 Nd5 15. h4 f6 16. Nc4 b5 17. Na3 f5 18. g5 Rf7 19. h5 Be6 20. hxg6 hxg6 21. c4 Nxe3 22. Qxe3 b4 23. Nc2 Qa5 24. Kb1 Rb7 25. Qb3 Qc7 26. Rh4 a5 27. d5 cxd5 28.
cxd5 Bf7 29. Qh3 Rc8 30. Ne3 b3 31. axb3 Rxb3 32. Rh1 Kf8 33. Rh8+ Bg8 34. Rxg8+ Kxg8 35. Qh7+ Kf7 36. Nd1 Qb7 37. Rh6 Qb6 0-1

[Event "*** Titled Tuesday Blitz"]
[Site "Chess.com"]
[Date "2021.03.30"]
[Round "6"]
[White "vlad_Sid"]
[Black "dosto07"]
[Result "1-0"]
[WhiteElo "2574"]
[BlackElo "2417"]
[TimeControl "180+1"]
[EndTime "11:06:44 PDT"]
[Termination "vlad_Sid won on time"]

1. c4 e5 2. g3 Nf6 3. Bg2 d5 4. cxd5 Nxd5 5. Nc3 Nb6 6. Nf3 Nc6 7. O-O Be7 8. b3 O-O 9. Bb2 Re8 10. Rc1 Bg4 11. Ne4 Bf8 12. Rxc6 Bxf3 13. Bxf3 bxc6 14.
Nc3 Nd5 15. d3 Bc5 16. Qc2 Bd4 17. Na4 Nb4 18. Qb1 Rb8 19. Rc1 Re6 20. Nc5 Rf6 21. Kg2 h6 22. a3 Nd5 23. Bxd4 exd4 24. Rc4 Nc3 25. Qb2 Qd6 26. Ne4 Nxe4 27. Bxe4 c5 28. Qc2 Rb5 29. b4 cxb4 30. Rxc7 g6 31. axb4 Rxb4 32.
Rxa7 Kg7 33. Ra8 Rb8 34. Ra7 Qb6 35. Rd7 Qe6 36. Rxd4 Rc8 37. Qa4 Qe5 38. e3 Rc1 39. Rd8 h5 40. Qa8 Qa1 41. Rg8+ Kh6 42. Rh8+ Kg5 43.
h4+ 1-0

[Event "*** Titled Tuesday Blitz"]
[Site "Chess.com"]
[Date "2021.03.30"]
[Round "6"]
[White "olksuna"]
[Black "Murad_Ibrahimli"]
[Result "1-0"]
[WhiteElo "2685"]
[BlackElo "2805"]
[TimeControl "180+1"]
[EndTime "11:06:46 PDT"]
[Termination "olksuna won by resignation"]

1. e4 c5 2. Nf3 d6 3. d4 cxd4 4. Nxd4 Nf6 5. Nc3 a6 6. Be2 e5 7.
Nf3 Be7 8. Bg5 Be6 9. Bxf6 Bxf6 10. O-O O-O 11. Nd5 Nd7 12. Bc4 Rc8 13. Qe2 Nb6 14.
Nxf6+ Qxf6 15. Bxe6 fxe6 16. Rad1 Rc6 17. b3 Nd7 18. c4 g5 19. h3 Qg6 20. Nh2 Rf4 21. Rfe1 Nc5 22. f3 h5 23. Rd2 Rf8 24. Red1 Rd8 25.
Qe3 Qf6 26. b4 Na4 27. c5 Qf4 28. Qb3 b5 29. Qxe6+ Qf7 30. Qh6 Rd7 31. Qxg5+ Kh7 32. Rxd6 Rcxd6 33. Rxd6 Rxd6 34. cxd6 Nb6 35. Qxe5 Nc4 36. Qe7 Kg6 37. Qxf7+ Kxf7 38. f4 Nxd6 39. e5 Ne4 40. Nf3 Nc3 41. a3 Ne2+ 42. Kf2 Nxf4 43. Ke3 Nxg2+ 44. Ke4 Kg6 45. Kd5 Nf4+ 46. Kd6 Kf5 47.
Nd4+ Ke4 48. e6 Ng6 49. Nc6 Kf3 50. Ne5+ Nxe5 51. Kxe5 Kg3 1-0

[Event "*** Titled Tuesday Blitz"]
[Site "Chess.com"]
[Date "2021.03.30"]
[Round "6"]
[White "AttilaTurzo"]
[Black "AndrewMaco"]
[Result "1-0"]
[WhiteElo "2508"]
[BlackElo "2614"]
[TimeControl "180+1"]
[EndTime "11:06:46 PDT"]
[Termination "AttilaTurzo won on time"]

1. d4 Nf6 2. Nf3 d5 3. Bf4 e6 4. e3 Bd6 5. Bg3 O-O 6. Nbd2 c5 7. c3 Qc7 8. dxc5 Qxc5 9. Bd3 Nbd7 10. e4 Bxg3 11.
hxg3 dxe4 12. Nxe4 Qc7 13. Nd6 Nc5 14. Nxc8 Raxc8 15. Be2 Rfd8 16. Qc2 a6 17. O-O Rd6 18. Rfd1 Rcd8 19.
Rxd6 Rxd6 20. Rd1 Qd8 21. Rxd6 Qxd6 22. Nd4 g6 23. Qd1 e5 24. Nf3 Qxd1+ 25. Bxd1 Nd3 26. b3 Ne4 27. Bc2 Nexf2 28. Nxe5 Nxe5 29. Kxf2 f5 30. Ke3 Kf7 31. Kd4 Ke6 32. c4 Nc6+ 33.
Kc5 Kd7 34. b4 Kc7 35. a3 Ne7 36. Bd1 b6+ 37. Kd4 Kd6 38. c5+ bxc5+ 39. bxc5+ Ke6 40. Bf3 g5 41. Bb7 a5 42. Kc4 Ke5 43. Kb5 Kd4 44. c6 Nd5 45. Bc8 f4 46. gxf4 gxf4 47. Bg4 Nc7+ 48.
Kb6 Nd5+ 49. Kb7 Kc3 50. Be6 1-0

[Event "*** Titled Tuesday Blitz"]
[Site "Chess.com"]
[Date "2021.03.30"]
[Round "6"]
[White "Legendinunknown"]
[Black "annamaja"]
[Result "1-0"]
[WhiteElo "2588"]
[BlackElo "2350"]
[TimeControl "180+1"]
[EndTime "11:06:47 PDT"]
[Termination "Legendinunknown won on time"]

1. d4 d5 2. c4 c6 3. Nf3 Nf6 4. Nc3 e6 5. Bg5 Nbd7 6. e3 Qa5 7. cxd5 exd5 8. Bd3 Bd6 9. O-O O-O 10. Rc1 Re8 11. Nd2 h6 12. Bh4 b5 13. Nb3 Qb6 14. Qf3 Bb7 15. a3 a5 16. Bg3 Bxg3 17. hxg3 a4 18. Nd2 b4 19. axb4 Qxb4 20. Rc2 c5 21. Na2 Qb6 22. Qf4 cxd4 23. exd4 Rac8 24. Nc3 Qb4 25. Ra1 Nb6 26. g4 Re6 27. Bf5 Rce8 28. Bxe6 Rxe6 29. Nf3 Ba6 30. Ne5 g6 31. f3 Kg7 32. Kh2 Qb3 33. Rf2 Nc4 34. Nxc4 Bxc4 35. Rxa4 g5 36. Qd2 Qb7 37.
Ra1 Qc7+ 38. Kg1 Qe7 39. Kh2 Nd7 40. Qc2 Nb6 41. b3 Qd6+ 42. Kg1 Qf4 43. bxc4 Nxc4 44. Nxd5 Qg3 45. Qxc4 Rd6 46. Ne3 Qf4 47. Nf5+ 1-0

[Event "*** Titled Tuesday Blitz"]
[Site "Chess.com"]
[Date "2021.03.30"]
[Round "6"]
[White "karwowskikacper"]
[Black "HanSchut"]
[Result "0-1"]
[WhiteElo "2428"]
[BlackElo "2255"]
[TimeControl "180+1"]
[EndTime "11:06:47 PDT"]
[Termination "HanSchut won by resignation"]

1. d4 Nf6 2. Bf4 d5 3. Nf3 e6 4.
c3 Bd6 5. Bg3 b6 6. e3 Bb7 7.
Bd3 Ne4 8. Nbd2 Nd7 9. Qc2 f5 10. Ne5 Nxg3 11. hxg3 Bxe5 12. dxe5 Nxe5 13. Nf3 Nxf3+ 14.
gxf3 Qd7 15. O-O-O O-O-O 16. Rh4 g6 17. g4 Qf7 18.
Rg1 Rdf8 19. f4 Qg7 20. gxf5 Qf6 21. fxg6 Qxh4 22. g7 Rfg8 23. gxh8=Q Rxh8 24. Qe2 h5 25. Qf1 Qf6 26. Qh3 h4 27. Rg5 Kb8 28. Re5 Bc8 29.
Be2 c5 30. Bg4 Re8 31. Rh5 Rh8 32. Re5 Re8 33. Kd2 Kc7 34. Rg5 Kd6 35. Re5 Re7 36.
Bf3 Bd7 37. Qh2 Rh7 38. Rg5 Ke7 39. Bg4 h3 40. Re5 Qg6 41. f3 Qb1 42. e4 Qxb2+ 0-1